 Dungeon Crawl Stone Soup version 0.25-a0-55-g0753fd1ad2 (webtiles) character file.

Game seed: 11909302137837563163, levelgen mode: deterministic

88 Ruokin the Firebug (level 4, 0/33 HPs)
             Began as a Demigod Fire Elementalist on Oct 25, 2019.
             Slain by a jackal (3 damage)
             ... on level 2 of the Dungeon.
             The game lasted 00:11:56 (2783 turns).

Ruokin the Firebug (Demigod Fire Elementalist)      Turns: 2783, Time: 00:11:58

Health: 0/33       AC:  0    Str: 11    XL:     4   Next: 9%
Magic:  4/10       EV: 13    Int: 21    God:
Gold:   82         SH:  0    Dex: 16    Spells: 1/8 levels left

rFire    . . .     SeeInvis .   b - +0 short sword
rCold    . . .     Gourm    .   (no shield)
rNeg     . . .     Faith    .   a - +1 robe
rPois    .         Spirit   .   (no helmet)
rElec    .         Reflect  .   (no cloak)
rCorr    .         Harm     .   (no gloves)
MR       .....                  (no boots)
Stlth    ++........             (no amulet)
HPRegen  0.11/turn              i - -3 ring of protection (curse)
MPRegen  0.12/turn              (no ring)

@: very slightly contaminated
A: high mp 1
a: no special abilities


You were on level 2 of the Dungeon.
You were very hungry.

You visited 1 branch of the dungeon, and saw 3 of its levels.

You collected 82 gold pieces.

Inventory:

Hand Weapons
 b - a +0 short sword (weapon)
Missiles
 k - 15 poisoned darts (quivered)
Armour
 a - a +1 robe (worn)
Jewellery
 i - a cursed -3 ring of protection (left hand)
Scrolls
 f - 2 scrolls of teleportation
 h - a scroll of fog
Potions
 c - a potion of might {unknown}
 d - a potion of lignification {unknown}
 e - a potion of berserk rage {unknown}
 g - a potion of degeneration {unknown}
 j - a potion of invisibility {unknown}
Comestibles
 l - a ration


   Skills:
 + Level 2.0 Dodging
 + Level 2.2 Stealth
 * Level 2.5 Spellcasting
 + Level 1.4 Conjurations
 * Level 3.5 Fire Magic


You had one spell level left.
You knew the following spells:

 Your Spells              Type           Power        Failure   Level  Hunger
a - Flame Tongue          Conj/Fire      ##...        4%          1    None
b - Throw Flame           Conj/Fire      ##....       8%          2    ##.....
c - Sticky Flame          Conj/Fire      ##......     45%         4    ####...

Your spell library contained the following spells:

 Spells                   Type           Power        Failure   Level  Hunger
 Conjure Flame            Conj/Fire      ##......     16%         3    ###....
 Inner Flame              Hex/Fire       ##......     21%         3    ###....
 Fireball                 Conj/Fire      ##........   80%         5    ######.


Dungeon Overview and Level Annotations

Branches:
Dungeon (3/15)


Innate Abilities, Weirdness & Mutations

You have an increased reservoir of magic. (+10% MP)


Message History

Press: ? - help, Shift-Dir - straight line, f - jackal
Aim: a jackal The flame tongue hits the jackal.
The jackal is severely wounded.
The jackal bites you.
* * * LOW HITPOINT WARNING * * *
The gnoll closely misses you.
Casting: Flame Tongue (safe; 4% risk of failure)
Confirm with . or Enter, or press ? or * to list all spells.
Aiming: Flame Tongue (safe; 4% risk of failure)
Press: ? - help, Shift-Dir - straight line, f - gnoll, p - jackal
Aim: a gnoll, wielding a +0 flail The flame tongue hits the gnoll.
The gnoll is moderately wounded.
The jackal bites you.
* * * LOW HITPOINT WARNING * * *
The gnoll hits you with a +0 flail.
* * * LOW HITPOINT WARNING * * *
The jackal bites you.
You die...

##..###.....###.####
#....'.....# #.#...
#..###.....# #....)
#..# #.#.### #.....
#..# #.#.# #.....
#..# #.#.# #.....
#..# #.#.# #.....
#).###.#.#####.....
###h@..............##
#####
#...g....#.........#
....#
#.################.#
###.#
#.#..............#.#
#.#
#.#.############.#.#
#.# ###.#.# #.#.# #.#
#...#.# #.#.# #.#
#.###.# #.#.# #.# #.#
#ยง# #.#.#


You could see a gnoll and a jackal.

Vanquished Creatures
  2 gnolls (D:2)
  2 adders (D:2)
  2 oozes (D:1)
  2 worms (D:2)
  A dart slug (D:1)
  6 bats
  2 giant cockroaches (D:1)
  6 goblins
  3 hobgoblins
  A jackal (D:2)
  4 kobolds
  2 frilled lizards (D:2)
  6 rats
39 creatures vanquished.

Notes
Turn   | Place    | Note
-------+----------+-------------------------------------------
     0 | D:1      | Ruokin the Demigod Fire Elementalist began the quest for
                  | the Orb.
     0 | D:1      | Reached XP level 1. HP: 14/14 MP: 5/5
    70 | D:1      | Reached skill level 3 in Fire Magic
   123 | D:1      | Reached XP level 2. HP: 19/20 MP: 1/7
   129 | D:1      | Learned a level 2 spell: Throw Flame
   795 | D:1      | Reached skill level 1 in Conjurations
  1207 | D:2      | Reached XP level 3. HP: 26/26 MP: 5/9
  2680 | D:2      | Reached XP level 4. HP: 22/33 MP: 7/10
  2777 | D:2      | Learned a level 4 spell: Sticky Flame
  2783 | D:2      | Slain by a jackal

Levels and vault maps discovered:
D:1:      erik_arrival_gehennom, layout_basic, chequers_avenue
D:2:      layout_basic
D:3:      layout_loops_cross, lemuel_coloured_pillars_altar, marbit_many_paths,
          cheibrodos_sewer_entry_sluice

Table legend:
 A = Non-vault XP
 B = Vault XP
 C = Vault XP percentage of total XP
 D = Non-vault monster count
 E = Vault monster count
 F = Vault count percentage of total count
                 A         B        C        D         E       F
            +---------+---------+-------+---------+---------+-------
      Total |     107 |      20 |  15.7 |      34 |       5 |  12.8
            +---------+---------+-------+---------+---------+-------
        D:1 |      18 |      20 |  52.6 |      10 |       5 |  33.3
        D:2 |      89 |       0 |   0.0 |      24 |       0 |   0.0
            +---------+---------+-------+---------+---------+-------
